 Dungeon Crawl Stone Soup version bcrawl-1.35.4c (webtiles) character file.

Game seed: 9793177872944665169

389041 funkygono the Thaumaturge (level 13, -6/72 HPs)
             Began as a Fairy Fire Elementalist on Feb 13, 2022.
             Was a Believer of Vehumet.
             Mangled by a seven-headed hydra (8 damage)
             ... while petrified by you
             ... on level 4 of the Lair of Beasts.
             The game lasted 00:49:00 (14581 turns).

funkygono the Thaumaturge (FrFE)                   Turns: 14581, Time: 00:49:00

Health: -6/72      AC: 20    Str:  9    XL:     13   Next: 2%
Magic:  29/33      EV:  3    Int: 26    God:    Vehumet [**....]
Gold:   475        SH:  0    Dex: 14    Spells: 21/41 levels left

rFire    + . .     SeeInvis .   B - +6 short sword (protect)
rCold    x . .     Gourm    .   p - +0 buckler (curse)
rNeg     + + +     Faith    +   (armour unavailable)
rPois    ∞         Spirit   .   h - +2 helmet {Int+3}
rElec    .         Reflect  .   q - +1 cloak
rCorr    .                      x - +2 pair of gloves {Str+3}
MR       +++..                  E - +0 pair of boots
Stlth    ..........             L - amulet of faith
HPRegen  0.22/turn              z - ring "Quwar" {Fire *Contam rN+ MR++ Stlth-} (curse)
MPRegen  0.23/turn              n - +4 ring of protection

@: petrified, flying evasively
A: small, magic attunement, unstealthy, unfitting armour, able to fly, AC/SH +7
a: Stop Flying, Renounce Religion


You were on level 4 of the Lair of Beasts.
You worshipped Vehumet.
Vehumet was pleased with you.
You were hungry.

You visited 3 branches of the dungeon, and saw 16 of its levels.
You also visited: Ossuary.

You collected 895 gold pieces.
You spent 420 gold pieces at shops.

Inventory:

Hand Weapons
 B - a +6 short sword of protection (weapon)
Missiles
 d - 1268 stones (quivered)
Armour
 h - a +2 helmet of intelligence (worn)
 p - a cursed +0 buckler (worn)
 q - a +1 cloak (worn)
 x - a +2 pair of gloves of strength (worn)
 E - a +0 pair of boots (worn)
Jewellery
 n - a +4 ring of protection (right hand)
 z - the cursed ring "Quwar" (left hand) {Fire *Contam rN+ MR++ Stlth-}
   (You found it on level 4 of the Dungeon)

   [ring of fire]

   It enhances your fire magic.
   It protects you from fire.
   It makes you vulnerable to cold.
   It protects you from negative energy.
   It affects your resistance to hostile enchantments.
   It causes magical contamination when unequipped.
   It makes you less stealthy.
   It has a curse placed upon it.
 L - an amulet of faith (around neck)
Wands
 g - a wand of digging (11)
 m - a wand of enslavement (10)
 s - a wand of random effects (12)
 v - a wand of iceblast (7)
 A - a wand of acid (14)
 C - a wand of disintegration (14)
Scrolls
 b - 2 scrolls of torment
 c - 11 scrolls of remove curse
 i - 3 scrolls of identify
 r - 2 scrolls of teleportation
 u - a scroll of silence
 y - 2 scrolls of magic mapping
 I - a scroll of fear
 K - a scroll of fog
Potions
 a - 2 potions of berserk rage
 f - 4 potions of might
 j - 2 potions of mutation
 k - a potion of heal wounds
 l - 2 potions of haste
 o - 5 potions of flight
 t - 6 potions of curing
 w - 2 potions of cancellation
 D - 5 potions of lignification
 F - a potion of ambrosia
Comestibles
 e - 28 rations {!d}


   Skills:
 + Level 1.1 Fighting
 + Level 0.2 Short Blades
 + Level 0.2 Throwing
 + Level 5.3 Dodging
 - Level 1.5 Stealth
 + Level 3.9 Shields
 * Level 14.7 Spellcasting
 + Level 12.6 Conjurations
 + Level 11.1 Fire Magic
 * Level 9.0 Earth Magic
 * Level 5.7 Poison Magic


You had 21 spell levels left.
You knew the following spells:

 Your Spells              Type           Power        Failure   Level  Hunger
a - Flame Tongue          Conj/Fire      #####        1%          1    None
b - Magic Dart            Conj           ####         1%          1    None
c - Conjure Flame         Conj/Fire      #######.     1%          3    None
d - Sticky Flame          Conj/Fire      #######.     1%          4    None
e - Fireball              Conj/Fire      #######...   1%          5    None
f - Stone Arrow           Conj/Erth      ######       1%          3    None
g - Sting                 Conj/Pois      ####         1%          1    None
h - Searing Ray           Conj           ######..     1%          2    None

Your spell library contained the following spells:

 Spells                   Type           Power        Failure   Level  Hunger
 Throw Frost              Conj/Ice       ######       1%          2    None
 Sandblast                Erth           ######       1%          1    None
 Flaming Arrows           Chrm/Fire      ######..     1%          2    None
 Passwall                 Tmut/Erth      #####...     1%          2    None
 Inner Flame              Hex/Fire       N/A          1%          3    None
 Mephitic Cloud           Conj/Pois/Air  ######..     1%          3    None
 Lee's Rapid Deconstruct  Erth           ######....   1%          5    None
 Spider Form              Tmut/Pois      ###          7%          3    None
 Summon Small Mammal      Summ           ###.         8%          1    None
 Blink                    Tloc           N/A          11%         2    None
 Call Imp                 Summ           ###...       11%         2    None
 Petrify                  Tmut/Erth      #####.....   12%         4    None
 Call Canine Familiar     Summ           ###.....     22%         3    None
 Summon Ice Beast         Ice/Summ       ###.....     58%         4    None
 Tree Form                Hex/Tmut       N/A          58%         4    None
 Statue Form              Tmut/Erth      #####....    87%         6    None
 Summon Lightning Spire   Summ/Air       ###.....     90%         5    None
 Dragon Form              Tmut           ###....      100%        7    None
 Necromutation            Tmut/Necr      ###.....     100%        8    None


Dungeon Overview and Level Annotations

Branches:
Dungeon (11/12)            Temple (1/1) D:5            Lair (4/6) D:8
  Swamp (0/3) Lair:2       Spider (0/3) Lair:2          Orc (0/1) D:10
 Vaults: D:11-12

Altars:
Ashenzari
Cheibriados
Dithmenos
Elyvilon
Fedhas
Gozag
Hepliaklqana
Kikubaaqudgha
Lugonu
Makhleb
Nemelex Xobeh
Okawaru
Qazlal
Ru
Sif Muna
Trog
Uskayaw
Vehumet
Wu Jian
Xom
Yredelemnul
Zin
The Shining One

Shops:
D:4 *   D:5 *   D:7 :(   D:8 [

Annotations:
Lair:3 3 runed translucent doors, Wired's ghost, journeyman GnRe


Innate Abilities, Weirdness & Mutations

Your spells do not cause hunger and MP costs are reduced by 1.
Your bright wings attract enemies. (Stealth-)
You cannot fit into any form of body armour.
Your shimmering scales are hard and can block incoming attacks. (AC +7, SH +7)
You are small and have problems with some larger weapons.
You can fly continuously.


Message History

The black bear bites you but does no damage.
The black bear claws you but does no damage. x2
The seven-headed hydra bites you but does no damage.
The seven-headed hydra bites you!
* * * LOW HITPOINT WARNING * * *
The seven-headed hydra bites you but does no damage. x3
The seven-headed hydra bites you.
* * * LOW HITPOINT WARNING * * *
The seven-headed hydra barely misses you.
The catoblepas gores you but does no damage.
You are engulfed in calcifying dust.
The catoblepas burns!
The black bear bites you but does no damage.
The black bear claws you.
* * * LOW HITPOINT WARNING * * *
The black bear claws you.
* * * LOW HITPOINT WARNING * * *
The seven-headed hydra bites you!
* * * LOW HITPOINT WARNING * * *
The seven-headed hydra bites you!
You die...

## ... ##.#
.....
....##...
.....P...
.........
........# ##
....b...##.#
.......YD..#
........@.##
........h§#
#.........§#
##.#.........
##............
##.........D..
##........<..
##..........


You could see a catoblepas (burning), a seven-headed hydra and a black bear.

Vanquished Creatures
  Urug (Lair:3)
  Erolcha (D:9)
  A two-headed ogre (D:8)
  6 death yaks
  Sonja (Lair:2)
  A wolf spider zombie (D:10)
  Pikel (D:9)
  An orb spider (Lair:2)
  An oklob plant (D:8)
  Joseph (D:8)
  8 cane toads
  A komodo dragon (Lair:1)
  A troll (D:10)
  4 polar bears
  A tyrant leech (Lair:2)
  A slime creature (D:10)
  3 blink frogs (Lair:3)
  A hippogriff (D:10)
  A spriggan (shapeshifter) (D:8)
  A spriggan (Lair:3)
  3 wyverns
  A hungry ghost (D:7)
  2 basilisks
  An acid dragon (Lair:1)
  2 wargs (D:8)
  2 swamp worms (Lair:2)
  5 water moccasins
  7 crocodiles
  2 porcupines (Lair:2)
  4 orc warriors
  A black bear (Lair:3)
  2 phantoms (D:8)
  A slave (D:9)
  A sky beast (D:9)
  3 ice beasts
  6 ogres
  4 centaurs
  14 wolves
  11 bullfrogs
  A big kobold (D:9)
  2 elf zombies (Ossuary)
  3 scorpions
  4 killer bees (D:7)
  A water moccasin skeleton (D:5)
  An electric eel (D:7)
  2 howler monkeys (D:4)
  8 wights (D:8)
  4 orc priests
  A crimson imp (D:9)
  A quasit (D:7)
  5 centaur zombies
  4 hounds
  A jelly (D:9)
  2 bullfrog skeletons
  2 centaur skeletons
  An iguana (D:9)
  2 orc wizards
  6 worker ants
  A statue (D:9)
  2 ogre zombies (Ossuary)
  A hound zombie (D:5)
  7 mummies (Ossuary)
  A hound skeleton (D:4)
  A howler monkey zombie (D:5)
  Robin (D:2)
  A howler monkey skeleton (D:4)
  12 adders
  3 shadow imps (D:8)
  An adder skeleton (D:4)
  2 adder zombies (Ossuary)
  5 worms
  6 dart slugs
  2 leopard geckos (D:2)
  31 orcs
  A ball python (D:2)
  5 bats
  A giant cockroach (D:2)
  10 goblins
  14 hobgoblins
  27 jackals
  13 kobolds
  5 quokkas
  2 frilled lizards
  4 goblin zombies (Ossuary)
  4 hobgoblin zombies (Ossuary)
  2 jackal skeletons (D:5)
  6 kobold zombies (Ossuary)
  3 quokka zombies
  6 rats
  5 rat zombies (Ossuary)
  8 bushes (D:8)
  28 plants
381 creatures vanquished.

Vanquished Creatures (others)
  A slave (D:9)
  A plant (Lair:2)
  18 toadstools (D:8)
20 creatures vanquished.

Grand Total: 401 creatures vanquished

Notes
Turn   | Place    | Note
-------+----------+-------------------------------------------
     0 | D:1      | funkygono the Fairy Fire Elementalist began the quest for
                  | the Orb.
     0 | D:1      | Reached XP level 1. HP: 11/11 MP: 6/6
    74 | D:1      | Reached XP level 2. HP: 17/17 MP: 7/7
    88 | D:1      | Reached skill level 3 in Spellcasting
   638 | D:1      | Reached XP level 3. HP: 21/21 MP: 9/9
   641 | D:1      | Learned a level 2 spell: Flaming Arrows
   969 | D:2      | Found a stormy altar of Qazlal.
  1120 | D:2      | Noticed Robin
  1142 | D:2      | Killed Robin
  1143 | D:2      | Reached XP level 4. HP: 19/27 MP: 11/11
  1331 | D:2      | Learned a level 3 spell: Conjure Flame
  1336 | D:2      | Learned a level 4 spell: Sticky Flame
  1698 | D:3      | Reached skill level 4 in Spellcasting
  1698 | D:3      | Reached XP level 5. HP: 31/31 MP: 11/13
  1728 | D:3      | Reached skill level 5 in Fire Magic
  2071 | D:3      | Found a burning altar of Makhleb.
  2075 | D:3      | Reached XP level 6. HP: 36/36 MP: 14/14
  2399 | D:3      | Found a sacrificial altar of Ru.
  2664 | D:4      | Reached skill level 5 in Spellcasting
  2829 | D:4      | Found a corrupted altar of Lugonu.
  2841 | D:4      | Reached XP level 7. HP: 30/41 MP: 17/17
  2857 | D:4      | Learned a level 5 spell: Fireball
  2866 | D:4      | Found a sand-covered staircase.
  2873 | Ossuary  | Entered an ossuary
  3134 | Ossuary  | Reached skill level 6 in Spellcasting
  3134 | Ossuary  | Reached skill level 5 in Conjurations
  3473 | Ossuary  | Reached XP level 8. HP: 46/46 MP: 19/19
  3899 | D:4      | Got a transparent iron ring
  3910 | D:4      | Found Votzogeh's Elemental Accessories.
  4058 | D:5      | Entered Level 5 of the Dungeon
  4058 | D:5      | Found Seygh's General Store.
  4251 | D:5      | Found a staircase to the Ecumenical Temple.
  4262 | Temple   | Entered the Ecumenical Temple
  4636 | D:5      | Reached skill level 1 in Shields
  4651 | D:5      | Found a bloodstained altar of Trog.
  4772 | D:5      | Found an ornate altar of the Wu Jian Council.
  4854 | D:5      | Identified the cursed ring "Quwar" {Fire *Contam rN+ MR++
                  | Stlth-} (You found it on level 4 of the Dungeon)
  4894 | D:6      | Reached skill level 7 in Spellcasting
  5216 | D:6      | Found a hazy altar of Hepliaklqana.
  5216 | D:6      | Found a shattered altar of Ashenzari.
  5311 | D:6      | Reached XP level 9. HP: 51/51 MP: 2/22
  5850 | D:7      | Reached skill level 8 in Spellcasting
  5891 | D:7      | Found Cisk's Book Shop.
  6271 | D:7      | Reached skill level 9 in Spellcasting
  6292 | D:7      | Found Bayhaaf's Antique Weapon Shoppe.
  7032 | D:8      | Learned a level 1 spell: Magic Dart
  7033 | D:8      | Noticed Joseph
  7037 | D:8      | Killed Joseph
  7071 | D:8      | Reached XP level 10. HP: 55/56 MP: 7/25
  7155 | D:8      | Found a staircase to the Lair.
  7191 | D:8      | Found Wodae's Armour Boutique.
  7241 | D:7      | Bought a book of Geomancy for 420 gold pieces
  7246 | D:7      | Learned a level 3 spell: Stone Arrow
  7293 | D:8      | Reached skill level 10 in Spellcasting
  7399 | D:8      | Reached skill level 10 in Conjurations
  7449 | D:8      | Reached skill level 10 in Fire Magic
  7515 | D:8      | Reached skill level 1 in Earth Magic
  7527 | D:8      | Found an opulent altar of Gozag.
  7548 | D:8      | Found a basalt altar of Yredelemnul.
  7561 | D:8      | Found an iron altar of Okawaru.
  7652 | D:8      | Noticed a two-headed ogre
  7656 | D:8      | Killed a two-headed ogre
  7724 | D:8      | Found a blossoming altar of Fedhas.
  7737 | D:8      | Noticed an oklob plant
  7797 | D:8      | Killed an oklob plant
  8530 | D:9      | Noticed Erolcha
  8537 | D:9      | Killed Erolcha
  8538 | D:9      | Reached skill level 11 in Spellcasting
  8611 | D:9      | Reached XP level 11. HP: 61/61 MP: 21/28
  8821 | D:9      | Noticed Pikel
  8825 | D:9      | Killed Pikel
  9038 | D:9      | Got a smouldering scale mail
  9193 | D:9      | Found a radiant altar of Vehumet.
  9201 | D:9      | Became a worshipper of Vehumet
  9396 | D:9      | Reached skill level 12 in Spellcasting
  9737 | D:10     | Entered Level 10 of the Dungeon
  9756 | D:10     | Found a shadowy altar of Dithmenos.
  9848 | D:10     | Reached skill level 5 in Earth Magic
 10078 | D:10     | Found a staircase to the Orcish Mines.
 10815 | Lair:1   | Entered Level 1 of the Lair of Beasts
 10971 | Lair:1   | Reached * piety under Vehumet
 10971 | Lair:1   | Offered knowledge of Sting by Vehumet.
 10975 | Lair:1   | Learned a level 1 spell: Sting
 11744 | Lair:1   | Reached skill level 1 in Fighting
 12096 | Lair:2   | Reached skill level 13 in Spellcasting
 12168 | Lair:2   | Reached skill level 1 in Poison Magic
 12190 | Lair:2   | Noticed a death yak
 12190 | Lair:2   | Noticed a death yak
 12191 | Lair:2   | Noticed a death yak
 12191 | Lair:2   | Noticed a death yak
 12194 | Lair:2   | Noticed a death yak
 12197 | Lair:2   | Killed a death yak
 12199 | Lair:2   | Killed a death yak
 12200 | Lair:2   | Reached skill level 5 in Dodging
 12200 | Lair:2   | Reached XP level 12. HP: 68/68 MP: 7/31
 12200 | Lair:2   | Noticed a death yak
 12334 | Lair:2   | Killed a death yak
 12342 | Lair:2   | Killed a death yak
 12342 | Lair:2   | Killed a death yak
 12367 | Lair:1   | Killed a death yak
 12486 | Lair:2   | Reached skill level 14 in Spellcasting
 12760 | Lair:2   | Found a hole to the Spider Nest.
 12764 | Lair:2   | Offered knowledge of Searing Ray by Vehumet.
 12768 | Lair:2   | Learned a level 2 spell: Searing Ray
 12815 | Lair:2   | Reached ** piety under Vehumet
 12919 | Lair:2   | Noticed Sonja
 12936 | Lair:2   | Killed Sonja
 13082 | Lair:2   | Found a staircase to the Swamp.
 13393 | Lair:3   | Noticed Wired's ghost (journeyman GnRe)
 13504 | Lair:3   | Reached skill level 5 in Poison Magic
 13889 | Lair:3   | Noticed Urug
 13896 | Lair:3   | Killed Urug
 13901 | Lair:3   | Offered knowledge of Throw Frost by Vehumet.
 13966 | Lair:3   | Found a runed translucent gate.
 13966 | Lair:3   | Found a runed translucent gate.
 14002 | Lair:3   | Found a runed translucent gate.
 14056 | Lair:3   | Reached XP level 13. HP: 72/72 MP: 23/33
 14581 | Lair:4   | HP: 2/72 [seven-headed hydra (4)]
 14581 | Lair:4   | Mangled by a seven-headed hydra

Skill      XL: |  1  2  3  4  5  6  7  8  9 10 11 12 13 |
---------------+----------------------------------------+-----
Fire Magic     | 4 5 6 8 9 10 11 | 11.1
Spellcasting   | 3 4 5 6 7 9 11 13 14 | 14.7
Conjurations   | 2 3 4 6 7 9 11 12 | 12.6
Dodging        | 3 4 5 |  5.3
Shields        | 1 2 3 |  3.9
Earth Magic    | 3 6 8 9 |  9.0
Fighting       | 1 |  1.1
Poison Magic   | 2 5 |  5.7
Short Blades   | |  0.2
Throwing       | |  0.2
Stealth        | |  1.5

Action                   |  1- 3 |  4- 6 |  7- 9 | 10-12 | 13-15 || total
-------------------------+-------+-------+-------+-------+-------++-------
Melee: Whip              |     2 |     1 |     5 |       |       ||     8
       Short sword       |       |       |       |    99 |       ||    99
Throw: Stone             |       |       |       |     1 |       ||     1
 Cast: Flame Tongue      |    69 |   148 |   296 |    50 |       ||   563
       Sticky Flame      |       |     6 |     9 |    37 |     3 ||    55
       Flaming Arrows    |       |     1 |       |       |       ||     1
       Fireball          |       |       |    13 |    45 |     2 ||    60
       Stone Arrow       |       |       |       |   210 |     1 ||   211
       Sting             |       |       |       |     8 |       ||     8
  Use: Scroll            |       |     9 |    16 |     9 |     2 ||    36
       Potion            |       |       |       |       |     1 ||     1
  Eat: Chunk             |       |     6 |     1 |    21 |     1 ||    29
       Ration            |       |       |     3 |     3 |       ||     6
Armor: Skin              |     3 |    24 |    25 |    27 |    41 ||   120
Dodge: Dodged            |    27 |    53 |   104 |    66 |     6 ||   256
Block: Other             |     4 |    19 |    38 |     2 |       ||    63
       Buckler           |       |       |       |    76 |    17 ||    93
